Map: Ice and Chrome LE

Players

CatStrom

  • Race: Protoss Protoss
  • League: Platinum
  • Spawn Location: 7:00

Phoenix - Winner!

  • Race: Zerg Zerg
  • Spawn Location: 1:00

VOD

Have the link to the VOD?

Description

Time

  • Played on: Feb. 12, 2021, 10:17 p.m.
  • Length: 17:13
Show
View Real Time Build Order
Export as new Build Order

CatStrom Protoss 

Build Orders: 1 Gate Expand, Archon Immortal 

Get SALT Encoding   

  12  0:00  Probe  
  13  0:12  Probe  
  14  0:18  Pylon  
  14  0:24  Probe  
  15  0:36  Probe (Chrono Boost)  
  15  0:40  Gateway  
  16  0:49  Probe (Chrono Boost)  
  17  0:50  Assimilator  
  17  0:55  Probe (Chrono Boost)  
  18  1:03  Probe  
  19  1:15  Probe  
  20  1:32  Nexus  
  20  1:43  Cybernetics Core  
  20  1:46  Probe  
  21  1:50  Assimilator  
  21  1:58  Probe  
  21  2:00  Pylon  
  22  2:10  Probe  
  23  2:16  Adept (Chrono Boost)  
  23  2:20  Warp Gate  
  23  2:22  Probe  
  26  2:34  Probe  
  27  2:38  Adept  
  27  2:40  Robotics Facility  
  29  2:47  Probe (Chrono Boost)  
  29  2:49  Probe (Chrono Boost)  
  31  2:59  Probe (Chrono Boost)  
  31  3:01  Probe (Chrono Boost)  
  33  3:08  Probe x2 (Chrono Boost), Adept  
  37  3:13  Probe, Gateway  
  38  3:21  Probe  
  38  3:27  Probe  
  40  3:32  Pylon  
  40  3:34  Observer, Probe  
  42  3:39  Probe  
  43  3:46  Probe  
  44  3:52  Probe  
  46  3:55  Observer  
  46  3:58  Probe  
  42  4:20  Sentry, Zealot  
  42  4:21  Probe  
  42  4:23  Nexus  
  47  4:25  Pylon  
  47  4:26  Twilight Council  
  47  4:29  Forge  
  47  4:33  Gateway  
  47  4:34  Gateway  
  47  4:35  Probe  
  47  4:36  Probe  
  49  4:47  Probe  
  49  4:49  Probe (Chrono Boost)  
  49  4:52  Assimilator  
  51  4:55  Assimilator  
  51  4:59  Probe (Chrono Boost)  
  52  5:01  Probe (Chrono Boost)  
  52  5:02  Protoss Ground Weapons Level 1 (Chrono Boost), Charge  
  53  5:08  Probe (Chrono Boost)  
  53  5:09  Zealot, Probe (Chrono Boost)  
  53  5:13  Probe (Chrono Boost)  
  57  5:19  Probe (Chrono Boost)  
  59  5:25  Probe (Chrono Boost)  
  59  5:28  Pylon  
  61  5:30  Probe x2 (Chrono Boost)  
  61  5:34  Gateway x2  
  62  5:35  Probe  
  62  5:39  Probe  
  62  5:40  Probe (Chrono Boost)  
  62  5:41  Templar Archives  
  65  5:48  Probe (Chrono Boost)  
  66  5:52  Probe (Chrono Boost)  
  66  5:53  Probe (Chrono Boost)  
  68  5:57  Pylon  
  68  5:59  Probe (Chrono Boost), Pylon  
  68  6:00  Probe (Chrono Boost)  
  68  6:01  Probe (Chrono Boost)  
  68  6:03  Immortal (Chrono Boost)  
  68  6:04  Probe (Chrono Boost)  
  71  6:05  Probe (Chrono Boost)  
  71  6:07  Probe  
  71  6:08  Zealot  
  80  6:16  Probe  
  80  6:17  Probe  
  82  6:19  High Templar x2, Probe  
  82  6:25  Archon  
  87  6:28  Zealot, Probe  
  87  6:29  Probe  
  90  6:33  Gateway  
  90  6:34  Gateway  
  90  6:36  Immortal (Chrono Boost), High Templar x2, Gateway  
  98  6:45  Probe, Pylon  
  99  6:47  Pylon  
  99  6:49  Pylon  
  99  6:53  Zealot  
  101  6:58  Assimilator  
  101  6:59  Assimilator  
  101  7:00  Archon  
  101  7:03  Probe  
  101  7:04  Warp Prism (Chrono Boost)  
  101  7:06  Protoss Ground Weapons Level 2 (Chrono Boost)  
  104  7:10  High Templar x2  
  104  7:12  Probe x2  
  104  7:13  Archon  
  110  7:23  Probe  
  110  7:24  High Templar x2  
  110  7:28  Nexus  
  110  7:29  Pylon  
  115  7:30  Pylon  
  115  7:31  Zealot, Pylon  
  115  7:32  Zealot x2  
  115  7:33  Archon  
  121  7:41  Probe x2  
  123  7:49  High Templar  
  123  7:50  High Templar, Zealot x2  
  131  7:52  Zealot x3  
  137  8:02  Probe  
  137  8:04  Probe  
  139  8:10  Gateway  
  139  8:12  Gateway  
  139  8:14  Gateway  
  139  8:15  Gateway  
  139  8:16  Archon  
  139  8:17  Forge  
  131  8:27  Zealot x9  
  145  8:40  Probe x2  
  129  8:41  Probe x2  
  131  8:52  High Templar x6, Probe x2, Pylon  
  131  8:53  High Templar  
  131  8:54  Zealot x2  
  151  8:56  Archon  
  151  8:57  Archon x2  
  151  9:02  Immortal  
  155  9:15  Pylon  
  144  9:17  Pylon  
  144  9:19  Pylon  
  108  9:33  Zealot x5  
  108  9:34  Zealot x3  
  108  9:35  High Templar x4  
  108  9:36  Probe  
  108  9:37  Probe  
  108  9:38  Probe  
  111  9:41  Immortal (Chrono Boost), Archon, Assimilator, Protoss Ground Armor Level 1 (Chrono Boost)  
  111  9:42  Archon  
  115  9:46  Assimilator  
  115  9:53  Protoss Ground Weapons Level 3 (Chrono Boost)  
  115  9:56  Zealot x3  
  115  9:57  Zealot x5  
  131  10:11  Warp Prism (Chrono Boost)  
  133  10:20  High Templar x2, Zealot  
  133  10:21  Zealot x4  
  143  10:22  Sentry  
  143  10:23  Sentry  
  151  10:36  Immortal  
  151  10:40  Nexus  
  151  10:44  Pylon  
  151  10:46  Shield Battery, Pylon  
  151  10:48  Pylon  
  155  10:50  High Templar x2  
  155  10:51  Zealot x4  
  155  10:53  High Templar x2  
  155  10:55  Archon x2  
  171  10:57  Archon  
  171  10:58  Shield Battery x2  
  171  11:00  Zealot x3  
  171  11:01  Photon Cannon  
  171  11:04  Photon Cannon, Zealot x2  
  179  11:08  Photon Cannon  
  169  11:37  Zealot x3  
  169  11:38  Zealot x8  
  161  11:55  Gateway  
  161  11:57  Gateway  
  161  11:58  High Templar  
  161  11:59  High Templar x8, Gateway  
  161  12:00  Zealot  
  161  12:01  Zealot  
  161  12:02  Gateway x2  
  161  12:04  Gateway  
  161  12:06  Archon x4  
  129  12:21  Zealot  
  129  12:22  Zealot x3  
  127  12:25  Probe  
  124  12:33  Zealot x8  
  110  12:44  Zealot x5  
  104  12:56  Zealot x11  
  118  13:01  High Templar x2  
  118  13:05  Archon  
  122  13:10  High Templar x6  
  134  13:14  Archon, Protoss Ground Armor Level 2 (Chrono Boost)  
  134  13:15  Archon x2  
  134  13:16  Immortal (Chrono Boost)  
  138  13:21  High Templar  
  140  13:34  High Templar x2  
  144  13:35  Zealot x5  
  144  13:37  Assimilator  
  144  13:40  Assimilator  
  154  13:46  Robotics Facility  
  154  13:47  Robotics Facility  
  154  13:50  Archon  
  154  13:51  High Templar  
  154  13:53  Zealot x7  
  174  13:57  Archon  
  174  14:12  Observer (Chrono Boost)  
  174  14:16  Zealot  
  173  14:17  High Templar x5  
  173  14:21  Archon  
  173  14:22  Archon  
  177  14:25  Zealot x5  
  177  14:30  Sentry x2  
  187  14:33  Sentry  
  177  14:40  Zealot x2  
  177  14:41  Zealot x4  
  180  14:52  Immortal x3  
  192  14:57  Zealot x4  
  156  15:28  High Templar x2  
  156  15:29  High Templar, Zealot x4  
  156  15:30  Zealot x12  
  156  15:31  Immortal  
  150  15:35  Immortal  
  150  15:36  Immortal  
  150  15:38  Archon  
  132  15:56  Zealot x11  
  121  16:07  High Templar x2  
  121  16:08  High Templar x4  
  121  16:10  Immortal  
  137  16:20  Archon x2  
  137  16:21  Archon  
  137  16:26  High Templar  
  137  16:27  High Templar  
  137  16:28  Zealot x6  
  137  16:31  Nexus  
  153  16:34  Pylon  
  153  16:36  High Templar x2  
  153  16:38  Zealot x3  
  163  16:40  Archon x2  
  160  17:00  Zealot x4  
  160  17:01  Zealot x4  
Show
View Real Time Build Order
Export as new Build Order

Phoenix Zerg - Winner!

Build Orders: Hatch First 

Get SALT Encoding   

  12  0:02  Drone  
  13  0:12  Overlord  
  13  0:16  Drone  
  14  0:31  Drone x2  
  16  0:50  Hatchery  
  16  0:54  Drone  
  16  1:00  Drone  
  16  1:01  Drone  
  18  1:09  Extractor  
  17  1:18  Spawning Pool  
  16  1:29  Drone x3  
  19  1:58  Drone  
  19  1:59  Overlord  
  20  2:06  Zergling x4, Queen x2  
  26  2:14  Metabolic Boost  
  26  2:17  Drone  
  26  2:20  Drone  
  28  2:24  Zergling x2  
  28  2:26  Drone  
  30  2:36  Zergling x2  
  31  2:38  Drone  
  32  2:53  Queen  
  32  2:54  Overlord x2  
  34  3:01  Drone x2  
  36  3:14  Drone  
  36  3:16  Drone  
  36  3:19  Hatchery  
  37  3:27  Drone x2  
  37  3:28  Drone x2  
  41  3:34  Drone  
  41  3:35  Drone  
  41  3:39  Lair  
  43  3:53  Drone x4  
  47  4:03  Roach Warren  
  45  4:15  Zergling x10  
  45  4:16  Zergling x2  
  48  4:20  Evolution Chamber  
  48  4:21  Extractor  
  48  4:23  Drone x2  
  48  4:26  Extractor  
  47  4:38  Drone x3  
  50  4:51  Roach  
  50  4:52  Glial Reconstitution, Roach  
  54  4:54  Zerg Missile Weapons Level 1  
  54  4:57  Evolution Chamber, Drone x2  
  54  4:58  Drone  
  56  5:00  Drone  
  56  5:02  Overlord  
  56  5:03  Overlord x3  
  57  5:16  Drone  
  57  5:18  Overlord x2  
  58  5:22  Zerg Ground Armor Level 1  
  58  5:24  Roach x3  
  58  5:27  Drone x4  
  68  5:31  Drone x4  
  68  5:33  Queen  
  74  5:49  Drone x4  
  78  5:56  Roach x3  
  78  5:57  Roach x2  
  88  6:00  Roach  
  90  6:07  Roach x2  
  90  6:11  Roach  
  95  6:29  Roach  
  95  6:30  Roach x7  
  106  6:35  Overlord  
  106  6:36  Overlord x3  
  106  6:59  Roach  
  106  7:00  Roach x11  
  130  7:04  Extractor  
  130  7:06  Ravager, Extractor  
  129  7:10  Hatchery  
  128  7:16  Zerg Missile Weapons Level 2  
  128  7:21  Drone x7  
  128  7:22  Drone x2  
  137  7:30  Drone  
  137  7:32  Overlord  
  137  7:33  Overlord x4  
  138  7:40  Overlord  
  138  7:53  Ravager  
  138  7:54  Ravager x4  
  138  7:55  Ravager  
  131  8:31  Roach x13  
  131  8:32  Roach x6  
  143  8:48  Zergling x14  
  144  8:54  Drone x2  
  146  8:58  Ravager x5  
  146  9:01  Zergling x2  
  152  9:04  Extractor  
  129  9:25  Roach  
  129  9:26  Roach x7  
  112  9:38  Hatchery  
  112  9:40  Hatchery  
  112  9:42  Roach  
  112  9:43  Roach x3  
  118  9:57  Zerg Ground Armor Level 2  
  118  10:01  Drone x5  
  118  10:03  Queen  
  118  10:04  Infestation Pit  
  124  10:12  Drone  
  124  10:13  Drone x7  
  132  10:17  Roach  
  132  10:18  Extractor x2  
  132  10:20  Ravager x2  
  134  10:31  Drone x4  
  134  10:32  Drone  
  139  10:38  Roach  
  139  10:39  Roach x10  
  161  11:03  Hatchery  
  160  11:12  Roach x10  
  160  11:13  Roach x10  
  187  11:34  Roach  
  187  11:35  Roach x4  
  146  11:51  Roach  
  146  11:52  Roach x14  
  146  11:53  Roach x5  
  162  12:03  Roach x8  
  162  12:04  Roach x3  
  180  12:15  Hive, Roach  
  154  12:16  Roach x5  
  154  12:24  Roach  
  154  12:25  Roach x5  
  159  12:36  Hatchery  
  140  12:48  Roach  
  140  12:49  Roach x12  
  146  12:59  Roach x5  
  146  13:00  Roach  
  158  13:24  Zerg Melee Weapons Level 1  
  158  13:28  Hatchery, Roach  
  158  13:29  Roach x6  
  158  13:30  Roach  
  158  13:33  Ravager x4  
  158  13:34  Ravager x2  
  178  13:35  Ravager  
  178  13:36  Ravager x2  
  178  13:37  Ravager  
  178  13:38  Ravager  
  178  13:39  Ravager x3  
  178  13:40  Ravager x2  
  189  13:42  Ravager  
  190  13:49  Drone x5  
  190  13:50  Drone  
  190  13:51  Drone  
  190  13:52  Drone  
  190  13:54  Drone  
  199  14:14  Zerg Missile Weapons Level 3  
  174  14:45  Roach  
  174  14:46  Roach x13  
  198  15:28  Roach x6  
  184  15:29  Roach x3  
  170  15:36  Roach  
  170  15:37  Roach x14  
  192  15:50  Roach x5  
  182  15:59  Roach  
  182  16:00  Roach x10  
  177  16:09  Roach x6  
  177  16:10  Roach x2  
  190  16:13  Ravager x3  
  193  16:19  Drone  
  193  16:20  Drone x6, Extractor  
  199  16:36  Drone  
  200  16:41  Extractor  
Tags
 
Add a new tag
Caveats
  • Supply blocks, unpowered buildings, or Contaminate may cause inaccurate times.
  • Supply counts are checked every 10 seconds.